3AAA
SANTA BARBARA GOLDEN CRANES @ HIALEAH DODOS
08/01/2029
 
TOP OF THE 1ST
Santa Barbara Golden Cranes batting - Pitching for Hialeah Dodos : RHP Stanley Eldrige
Pitching: RHP Stanley Eldrige
Batting: RHB James Pike 0-0: Swinging Strike
0-1: Ball
1-1: Ball
2-1: SINGLE (Flyball, 89S)
Batting: LHB Manny Rosário 0-0: Called Strike
0-1: Fielders Choice at 2nd, 1-4 (Groundball, 15S)
Batting: RHB Arsenio Laurel 0-0: Ball
Manny Rosário steals 2nd base
1-0: Ball
2-0: Ball
3-0: Base on Balls
Batting: RHB Rubén Campos 0-0: Ball
1-0: Ball
2-0: Ground out 5-3 (Groundball, 56S)
Manny Rosário to third
Arsenio Laurel to second
Batting: LHB Sixto Álvarez 0-0: Foul Ball, location: 2F
0-1: Foul Ball, location: 2F
0-2: Ball
1-2: Fly out, F7 (Flyball, 7LDF)
Top of the 1st over - 0 runs, 1 hit, 0 errors, 2 left on base; Santa Barbara 0 - Hialeah 0
BOTTOM OF THE 1ST
Hialeah Dodos batting - Pitching for Santa Barbara Golden Cranes : RHP Kostas Antetokounmpo
Pitching: RHP Kostas Antetokounmpo
Batting: RHB Jorge Salgado 0-0: Ball
1-0: Swinging Strike
1-1: Ball
2-1: Ball
3-1: Base on Balls
Batting: RHB Lorenzo Ramírez 0-0: Called Strike
Throwing error on steal attempt, E2
Jorge Salgado to third
0-1: Ball
1-1: Ball
2-1: Ground out 6-3 (Groundball, 6S)
Jorge Salgado scores
Batting: LHB Scott Janousek 0-0: Foul Ball, location: 2F
0-1: Ball
1-1: Foul Ball, location: 2F
1-2: SINGLE (Groundball, 34D)
Batting: LHB Raúl Aguirre 0-0: Ball
1-0: Ball
2-0: Ball
3-0: Base on Balls
Scott Janousek to second
Batting: RHB Aurelio Álvarez 0-0: Fielders Choice at 3rd, U5 (Groundball, 5L)
Raúl Aguirre to second
Batting: LHB Errol Levick 0-0: Ball
1-0: Ball
2-0: Ball
3-0: Swinging Strike
3-1: Base on Balls
Raúl Aguirre to third
Aurelio Álvarez to second
Batting: RHB Reg Spiers 0-0: SINGLE (Groundball, 34D)
Raúl Aguirre scores
Aurelio Álvarez to third
Errol Levick to second
Runner from 3rd tries for Home, SAFE, no throw
Batting: SHB Javier Gonzáles 0-0: Ball
1-0: Swinging Strike
1-1: SINGLE (Groundball, 6S) (infield hit)
Errol Levick to third
Reg Spiers to second
Batting: RHB Stephen McManus 0-0: Ball
1-0: Ball
2-0: Ball
3-0: Base on Balls
Errol Levick scores
Reg Spiers to third
Javier Gonzáles to second
Batting: RHB Jorge Salgado 0-0: Ball
1-0: Foul Ball, location: 2F
1-1: Foul Ball, location: 2F
1-2: Fly out, F8 (Flyball, 8RD)
Bottom of the 1st over - 4 runs, 3 hits, 1 error, 3 left on base; Santa Barbara 0 - Hialeah 4
TOP OF THE 2ND
Santa Barbara Golden Cranes batting - Pitching for Hialeah Dodos : RHP Stanley Eldrige
Batting: RHB Gilbert Graham 0-0: Ball
1-0: SINGLE (Flyball, 8RS)
Batting: RHB Logan Manning 0-0: Fly out, F9 (Flyball, 9D)
Batting: LHB Armando Villarreal 0-0: Ball
1-0: Foul Ball, location: 2F
1-1: SINGLE (Line Drive, 8LS)
Gilbert Graham to second
Batting: RHB Salvador Noriega 0-0: Grounds into double play, 5-4-3 (Groundball, 56)
Top of the 2nd over - 0 runs, 2 hits, 0 errors, 1 left on base; Santa Barbara 0 - Hialeah 4
BOTTOM OF THE 2ND
Hialeah Dodos batting - Pitching for Santa Barbara Golden Cranes : RHP Kostas Antetokounmpo
Batting: RHB Lorenzo Ramírez 0-0: Ball
1-0: Ball
2-0: Ball
3-0: Ground out 6-3 (Groundball, 6D)
Batting: LHB Scott Janousek 0-0: Called Strike
0-1: Ball
1-1: Ball
2-1: Fly out, F8 (Flyball, 78D)
Batting: LHB Raúl Aguirre 0-0: Ball
1-0: Foul Ball, location: 2F
1-1: Foul Ball, location: 2F
1-2: Ball
2-2: DOUBLE (Line Drive, 9LM)
Batting: RHB Aurelio Álvarez 0-0: Ball
1-0: Ball
2-0: Ball
3-0: Called Strike
3-1: Base on Balls
Batting: LHB Errol Levick 0-0: Ball
1-0: Swinging Strike
1-1: Foul Ball, location: 2F
1-2: Ball
2-2: Foul Ball, location: 2F
2-2: Ball
3-2: Ground out 4-3 (Groundball, 4)
Bottom of the 2nd over - 0 runs, 1 hit, 0 errors, 2 left on base; Santa Barbara 0 - Hialeah 4
TOP OF THE 3RD
Santa Barbara Golden Cranes batting - Pitching for Hialeah Dodos : RHP Stanley Eldrige
Batting: RHB James Pike 0-0: Foul Ball, location: 2F
0-1: Foul Ball, location: 2F
0-2: Foul Ball, location: 2F
0-2: Ball
1-2: DOUBLE (Flyball, 89XD)
Batting: LHB Manny Rosário 0-0: Called Strike
0-1: Foul Ball, location: 2F
0-2: Strikes out looking
Batting: RHB Arsenio Laurel 0-0: DOUBLE (Flyball, 7D)
James Pike scores
Batting: RHB Rubén Campos 0-0: Swinging Strike
0-1: Foul Ball, location: 2F
0-2: Ground out 1-3 (Groundball, 13S)
Arsenio Laurel to third
Batting: LHB Sixto Álvarez 0-0: Ball
1-0: Ball
2-0: Ball
3-0: Base on Balls
Batting: RHB Gilbert Graham 0-0: Ball
1-0: Called Strike
1-1: Foul Ball, location: 2F
1-2: Ball
2-2: Fly out, F7 (Flyball, 78S)
Top of the 3rd over - 1 run, 2 hits, 0 errors, 2 left on base; Santa Barbara 1 - Hialeah 4
BOTTOM OF THE 3RD
Hialeah Dodos batting - Pitching for Santa Barbara Golden Cranes : RHP Kostas Antetokounmpo
Batting: RHB Reg Spiers 0-0: Called Strike
0-1: Foul Ball, location: 2F
0-2: Strikes out swinging
Batting: SHB Javier Gonzáles 0-0: Called Strike
0-1: Foul Ball, location: 2F
0-2: Ball
1-2: SINGLE (Line Drive, 56)
Batting: RHB Stephen McManus 0-0: Ball
Javier Gonzáles steals 2nd base
1-0: SINGLE (Groundball, 4D) (infield hit)
Javier Gonzáles to third
Batting: RHB Jorge Salgado 0-0: Ball
1-0: Ball
2-0: Ball
3-0: Called Strike
3-1: Swinging Strike
3-2: Ground out U3 (Groundball, 34)
Javier Gonzáles scores
Stephen McManus to second
Batting: RHB Lorenzo Ramírez 0-0: Foul Ball, location: 2F
0-1: Swinging Strike
0-2: Foul Ball, location: 2F
0-2: Ball
1-2: Ball
2-2: Foul Ball, location: 2F
2-2: SINGLE (Line Drive, 4D)
Stephen McManus to third
Runner from 3rd tries for Home, SAFE, throw made home
Batting: LHB Scott Janousek 0-0: Called Strike
0-1: Foul Ball, location: 2F
0-2: Ball
1-2: Ball
2-2: Ball
3-2: Base on Balls
Lorenzo Ramírez to second
Pitching: RHP Ted Thompson
Batting: LHB Raúl Aguirre 0-0: Ball
Wild Pitch!
Lorenzo Ramírez to third
Scott Janousek to second
1-0: Foul Ball, location: 2F
1-1: Fly out, F9 (Flyball, 9S)
Bottom of the 3rd over - 2 runs, 3 hits, 0 errors, 2 left on base; Santa Barbara 1 - Hialeah 6
TOP OF THE 4TH
Santa Barbara Golden Cranes batting - Pitching for Hialeah Dodos : RHP Stanley Eldrige
Batting: RHB Logan Manning 0-0: Swinging Strike
0-1: Ground out 6-3 (Groundball, 6)
Batting: LHB Armando Villarreal 0-0: Foul Ball, location: 2F
0-1: Called Strike
0-2: Strikes out swinging
Batting: RHB Salvador Noriega 0-0: Called Strike
0-1: Foul Ball, location: 2F
0-2: Strikes out swinging
Top of the 4th over - 0 runs, 0 hits, 0 errors, 0 left on base; Santa Barbara 1 - Hialeah 6
BOTTOM OF THE 4TH
Hialeah Dodos batting - Pitching for Santa Barbara Golden Cranes : RHP Ted Thompson
Batting: RHB Aurelio Álvarez 0-0: Called Strike
0-1: Reached on error, E5 (Groundball, 56)
Batting: LHB Errol Levick 0-0: Ball
1-0: Called Strike
Passed Ball!
Aurelio Álvarez to second
1-1: Ball
2-1: Ball
3-1: Base on Balls
Batting: RHB Reg Spiers 0-0: Ball
1-0: DOUBLE (Flyball, 8RD)
Aurelio Álvarez scores
Errol Levick to third
Batting: SHB Javier Gonzáles 0-0: Ball
1-0: Ball
Wild Pitch!
Errol Levick scores
Reg Spiers to third
2-0: Ground out 3-1 (Groundball, 34)
Reg Spiers scores
Batting: RHB Stephen McManus 0-0: Ball
1-0: Ball
2-0: Swinging Strike
2-1: Ball
3-1: Foul Ball, location: 2F
3-2: Foul Ball, location: 2F
3-2: Foul Ball, location: 2F
3-2: Base on Balls
Batting: RHB Jorge Salgado 0-0: Ball
1-0: Fly out, F5 (Line Drive, 5)
Batting: RHB Lorenzo Ramírez 0-0: Fly out, F9 (Flyball, 9LDF)
Bottom of the 4th over - 3 runs, 1 hit, 1 error, 1 left on base; Santa Barbara 1 - Hialeah 9
TOP OF THE 5TH
Santa Barbara Golden Cranes batting - Pitching for Hialeah Dodos : RHP Stanley Eldrige
Batting: RHB James Pike 0-0: SINGLE (Groundball, 56D)
Batting: LHB Manny Rosário 0-0: Swinging Strike
0-1: SINGLE (Groundball, 6MD)
James Pike to second
Batting: RHB Arsenio Laurel 0-0: Called Strike
0-1: Ball
1-1: Foul Ball, location: 2F
1-2: Foul Ball, location: 2F
1-2: Foul Ball, location: 2F
1-2: Ball
2-2: Grounds into double play, 6-4-3 (Groundball, 6)
James Pike to third
Batting: RHB Rubén Campos 0-0: Fly out, F8 (Flyball, 8RS)
Top of the 5th over - 0 runs, 2 hits, 0 errors, 1 left on base; Santa Barbara 1 - Hialeah 9
BOTTOM OF THE 5TH
Hialeah Dodos batting - Pitching for Santa Barbara Golden Cranes : RHP Ted Thompson
Batting: LHB Scott Janousek 0-0: SOLO HOME RUN (Flyball, 7LD), Distance : 367 ft
Batting: LHB Raúl Aguirre 0-0: Ball
1-0: Ball
2-0: Ball
3-0: Called Strike
3-1: Called Strike
3-2: Ground out 4-3 (Groundball, 4)
Batting: RHB Aurelio Álvarez 0-0: Ball
1-0: Ground out 5-3 (Groundball, 56S)
Batting: LHB Errol Levick 0-0: Foul Ball, location: 2F
0-1: Foul Ball, location: 2F
0-2: Strikes out swinging
Bottom of the 5th over - 1 run, 1 hit, 0 errors, 0 left on base; Santa Barbara 1 - Hialeah 10
TOP OF THE 6TH
Santa Barbara Golden Cranes batting - Pitching for Hialeah Dodos : RHP Stanley Eldrige
Batting: LHB Sixto Álvarez 0-0: Foul Ball, location: 2F
0-1: Ball
1-1: Swinging Strike
1-2: Ball
2-2: Foul Ball, location: 2F
2-2: SINGLE (Flyball, 7LS)
Batting: RHB Gilbert Graham 0-0: Foul Ball, location: 2F
0-1: Ball
1-1: Foul Ball, location: 2F
1-2: Foul Ball, location: 2F
1-2: Foul Ball, location: 2F
1-2: Ball
2-2: Ball
3-2: Foul Ball, location: 2F
3-2: Foul Ball, location: 2F
3-2: Foul Ball, location: 2F
3-2: SINGLE (Groundball, 34D)
Sixto Álvarez to second
Runner from 2nd tries for 3rd, SAFE, no throw
Batting: RHB Logan Manning 0-0: Called Strike
0-1: Ball
1-1: Swinging Strike
1-2: Ball
2-2: Foul Ball, location: 2F
2-2: Fly out, F8 (Flyball, 8RD)
Runner from 3rd tags up, OUT at HOME
Gilbert Graham to second
Batting: LHB Armando Villarreal 0-0: Called Strike
0-1: Swinging Strike
0-2: Ball
1-2: SINGLE (Groundball, 6D)
Gilbert Graham to third
Runner from 3rd tries for Home, SAFE, no throw
Batting: RHB Salvador Noriega 0-0: Ball
1-0: Called Strike
1-1: Ball
2-1: Foul Ball, location: 2F
2-2: Foul Ball, location: 2F
2-2: Ground out U3 (Groundball, 3)
Top of the 6th over - 1 run, 3 hits, 0 errors, 1 left on base; Santa Barbara 2 - Hialeah 10
BOTTOM OF THE 6TH
Hialeah Dodos batting - Pitching for Santa Barbara Golden Cranes : RHP Ted Thompson
Batting: RHB Reg Spiers 0-0: Called Strike
0-1: Foul Ball, location: 2F
0-2: Ball
1-2: Ground out 6-3 (Groundball, 6)
Batting: SHB Javier Gonzáles 0-0: Called Strike
0-1: Ball
1-1: Ball
2-1: SINGLE (Line Drive, 4MD)
Batting: RHB Stephen McManus 0-0: Foul Ball, location: 2F
0-1: Fielders Choice at 2nd, 4-6 (Groundball, 4)
Batting: RHB Jorge Salgado 0-0: Ball
1-0: Called Strike
1-1: Swinging Strike
1-2: Ground out U3 (Groundball, 34S)
Bottom of the 6th over - 0 runs, 1 hit, 0 errors, 1 left on base; Santa Barbara 2 - Hialeah 10
TOP OF THE 7TH
Santa Barbara Golden Cranes batting - Pitching for Hialeah Dodos : RHP Stanley Eldrige
Batting: RHB James Pike 0-0: Swinging Strike
0-1: Ball
1-1: Ball
2-1: Fly out, F7 (Line Drive, 7)
Batting: LHB Manny Rosário 0-0: Called Strike
0-1: Ball
1-1: Swinging Strike
1-2: Ball
2-2: Fly out, F7 (Flyball, 7)
Batting: RHB Arsenio Laurel 0-0: SINGLE (Groundball, 6MD)
Batting: RHB Rubén Campos 0-0: Ball
1-0: Ground out U3 (Groundball, 34)
Top of the 7th over - 0 runs, 1 hit, 0 errors, 1 left on base; Santa Barbara 2 - Hialeah 10
BOTTOM OF THE 7TH
Hialeah Dodos batting - Pitching for Santa Barbara Golden Cranes : RHP Ted Thompson
Batting: RHB Lorenzo Ramírez 0-0: Fly out, F7 (Flyball, 78M)
Batting: LHB Scott Janousek 0-0: Ball
1-0: Ball
2-0: Foul Ball, location: 2F
2-1: Foul Ball, location: 2F
2-2: Foul Ball, location: 2F
2-2: Ball
3-2: Ground out 3-1 (Groundball, 34)
Batting: LHB Raúl Aguirre 0-0: Swinging Strike
0-1: Ball
1-1: Foul Ball, location: 2F
1-2: SINGLE (Groundball, 3S) (infield hit)
Batting: RHB Aurelio Álvarez 0-0: Called Strike
0-1: Ball
Raúl Aguirre is caught stealing 2nd base
Bottom of the 7th over - 0 runs, 1 hit, 0 errors, 0 left on base; Santa Barbara 2 - Hialeah 10
TOP OF THE 8TH
Santa Barbara Golden Cranes batting - Pitching for Hialeah Dodos : RHP Stanley Eldrige
Batting: LHB Sixto Álvarez 0-0: Ball
1-0: Swinging Strike
1-1: Ground out 5-3 (Groundball, 5)
Batting: RHB Gilbert Graham 0-0: Ball
1-0: Ball
2-0: Called Strike
2-1: Called Strike
2-2: Foul Ball, location: 2F
2-2: Strikes out swinging
Batting: RHB Logan Manning 0-0: Ball
1-0: Swinging Strike
1-1: Ball
2-1: Ball
3-1: Foul Ball, location: 2F
3-2: Fly out, F8 (Flyball, 8LM)
Top of the 8th over - 0 runs, 0 hits, 0 errors, 0 left on base; Santa Barbara 2 - Hialeah 10
BOTTOM OF THE 8TH
Hialeah Dodos batting - Pitching for Santa Barbara Golden Cranes : RHP Ted Thompson
Batting: RHB Aurelio Álvarez 0-0: Ball
1-0: Ground out U3 (Groundball, 34)
Pitching: LHP José Ortíz
Batting: LHB Errol Levick 0-0: Ball
1-0: Called Strike
1-1: Fly out, F8 (Line Drive, 8RM)
Batting: RHB Reg Spiers 0-0: Fly out, F4 (Popup, 34S)
Bottom of the 8th over - 0 runs, 0 hits, 0 errors, 0 left on base; Santa Barbara 2 - Hialeah 10
TOP OF THE 9TH
Santa Barbara Golden Cranes batting - Pitching for Hialeah Dodos : RHP Stanley Eldrige
Pitching: RHP Artie Chávez
Now at 3B: Robert Emmet Odlum
Batting: LHB Armando Villarreal 0-0: Ball
1-0: Swinging Strike
1-1: Ball
2-1: Foul Ball, location: 2F
2-2: SINGLE (Line Drive, 8RS)
Batting: RHB Salvador Noriega 0-0: Called Strike
0-1: Ball
1-1: Swinging Strike
1-2: Strikes out looking
Batting: RHB James Pike 0-0: Called Strike
0-1: Fielders Choice at 2nd, 5-4 (Groundball, 56)
Batting: LHB Manny Rosário 0-0: Ball
1-0: Swinging Strike
1-1: Fielders Choice at 2nd, 6-4 (Groundball, 6)
Top of the 9th over - 0 runs, 1 hit, 0 errors, 1 left on base; Santa Barbara 2 - Hialeah 10
Tuesday, December 19th, 2017 - OOTP Baseball 18.8 Build 76